Map: Neon Violet Square LE

Players

RagnaroK (SHIN) - Winner!

  • Race: Zerg Zerg
  • Spawn Location: 11:00

BlueCheese

  • Race: Terran Terran
  • Spawn Location: 5:00

Event: IEM Season 12 - Katowice

VOD

Have the link to the VOD?

Description

Time

  • Played on: Feb. 27, 2018, 10:37 a.m.
  • Length: 6:06

All games in this series

Show
View Real Time Build Order
Export as new Build Order

RagnaroK Zerg - Winner!

Build Orders: Hatch First 

Get SALT Encoding   

  12  0:00  Drone  
  13  0:08  Drone  
  14  0:18  Overlord  
  14  0:22  Extractor  
  14  0:24  Drone  
  15  0:36  Drone x2  
  17  0:52  Hatchery  
  17  0:56  Drone  
  17  0:59  Drone  
  18  1:09  Drone  
  19  1:15  Spawning Pool  
  18  1:19  Drone  
  18  1:23  Extractor  
  18  1:26  Drone  
  19  1:38  Drone  
  20  1:47  Hatchery  
  19  2:02  Zergling x2  
  19  2:03  Zergling x2  
  19  2:05  Queen  
  19  2:07  Drone  
  24  2:15  Drone  
  25  2:16  Overlord  
  25  2:25  Metabolic Boost  
  25  2:27  Drone  
  26  2:35  Queen  
  28  2:38  Drone  
  28  2:42  Drone  
  30  2:47  Drone  
  30  2:48  Drone  
  32  2:52  Drone  
  32  2:55  Overlord  
  33  2:59  Queen  
  33  3:05  Zergling x2  
  36  3:09  Drone x2  
  36  3:10  Drone  
  39  3:16  Drone  
  39  3:17  Drone x2  
  42  3:20  Overlord  
  42  3:25  Drone x2  
  44  3:30  Queen  
  46  3:34  Queen  
  46  3:39  Overlord  
  48  3:43  Drone x2  
  50  3:49  Drone x2  
  50  3:50  Drone  
  50  3:53  Zergling x2  
  50  3:54  Zergling x6  
  57  3:58  Baneling Nest  
  57  3:59  Overlord  
  56  4:09  Drone x2  
  58  4:15  Extractor  
  58  4:17  Drone  
  58  4:19  Zergling x2  
  58  4:20  Zergling x14  
  58  4:23  Overlord  
  65  4:34  Overlord x2  
  65  4:40  Overlord  
  65  4:42  Zergling x12  
  65  4:43  Zergling x4  
  73  4:48  Overlord  
  73  4:53  Zergling x8  
  73  4:57  Zergling x2  
  78  5:00  Zergling x2  
  78  5:04  Baneling x12  
  78  5:06  Baneling  
  79  5:11  Zergling x2  
  79  5:12  Zergling x6  
  79  5:19  Zergling x6  
  81  5:22  Zergling x4  
  81  5:24  Zergling x6  
  81  5:25  Baneling x3  
  85  5:30  Zergling x4  
  85  5:31  Zergling x2  
  85  5:32  Zergling x2  
  84  5:36  Zergling x2  
  84  5:37  Zergling x2  
  84  5:40  Baneling x3  
  84  5:41  Baneling  
  86  5:42  Zergling x2  
  86  5:43  Zergling x2  
Show
View Real Time Build Order
Export as new Build Order

BlueCheese Terran 

Build Orders: Reaper Expand 

Get SALT Encoding   

  12  0:00  SCV  
  13  0:12  SCV  
  14  0:17  Supply Depot  
  14  0:24  SCV  
  15  0:39  SCV, Barracks  
  16  0:45  Refinery  
  16  0:51  SCV  
  17  1:03  SCV  
  18  1:15  SCV  
  19  1:27  Reaper  
  19  1:28  Orbital Command  
  20  1:42  Command Center  
  20  1:50  Supply Depot  
  20  1:53  SCV  
  21  1:59  Marine  
  22  2:05  SCV  
  23  2:13  Factory  
  23  2:17  SCV  
  23  2:21  Barracks Reactor  
  24  2:29  SCV  
  25  2:41  Command Center  
  25  2:45  SCV  
  26  2:54  Orbital Command  
  26  2:57  SCV  
  27  3:04  Hellion  
  27  3:05  Hellion  
  31  3:10  SCV  
  32  3:13  Barracks  
  32  3:16  Barracks Tech Lab  
  32  3:21  SCV  
  32  3:22  SCV  
  34  3:28  Hellion x2  
  38  3:35  SCV x2, Marine  
  41  3:42  Stimpack, Refinery  
  41  3:47  SCV  
  42  3:48  SCV  
  42  3:54  Marine  
  42  3:55  Orbital Command  
  44  4:02  Barracks  
  44  4:03  SCV x2  
  44  4:06  Factory Reactor  
  44  4:07  Marine x2  
  48  4:12  Marine  
  48  4:16  SCV, Engineering Bay x2  
  50  4:18  SCV  
  50  4:21  SCV  
  52  4:25  Marine  
  52  4:27  Supply Depot, Marine  
  52  4:30  SCV, Marine  
  56  4:35  SCV x2  
  58  4:42  Marine  
  59  4:46  Marine  
  59  4:48  Marine  
  59  4:49  Supply Depot  
  59  4:50  Starport  
  59  4:52  SCV x2  
  63  4:53  SCV  
  63  4:55  Factory Reactor  
  63  4:56  Marine  
  63  4:59  Marine  
  66  5:00  Marine  
  66  5:04  SCV, Marine  
  66  5:06  SCV  
  69  5:11  SCV  
  65  5:15  Marine x2  
  65  5:17  SCV, Marine  
  65  5:18  SCV, Marine  
  67  5:21  Refinery x2  
  67  5:23  SCV  
  68  5:29  SCV  
  68  5:31  SCV  
  68  5:34  Marine x4  
  68  5:35  SCV  
  60  5:36  Marine  
  60  5:41  SCV  
  52  5:43  SCV  
  45  5:57  Engineering Bay x2  

Tags
 
Add a new tag
Caveats
  • Supply blocks, unpowered buildings, or Contaminate may cause inaccurate times.
  • Supply counts are checked every 10 seconds.